PAA
SAN BERNARDINO GRASSHOPPERS @ MERCER ISLAND SCREAMING EAGLES
07/30/2037
 
TOP OF THE 1ST
San Bernardino Grasshoppers batting - Pitching for Mercer Island Screaming Eagles : RHP Diego Cartaya
Pitching: RHP Diego Cartaya
Batting: RHB Andy Alderliesten 0-0: Ball
1-0: Ground out 1-3 (Groundball, 13S, EV 65.6 MPH)
Batting: RHB Albert Seals 0-0: Ball
1-0: Ball
2-0: Ball
3-0: Called Strike
3-1: Fly out, F4 (Line Drive, 4, EV 73.8 MPH)
Batting: LHB Stephen Goldobenko 0-0: Called Strike
0-1: Ball
1-1: Foul Ball, location: 2F
1-2: Ground out 1-3 (Groundball, 34S, EV 90.0 MPH)
Top of the 1st over - 0 runs, 0 hits, 0 errors, 0 left on base; San Bernardino 0 - Mercer Island 0
BOTTOM OF THE 1ST
Mercer Island Screaming Eagles batting - Pitching for San Bernardino Grasshoppers : RHP Jordan Guérin
Pitching: RHP Jordan Guérin
Batting: RHB Vaughn White 0-0: Swinging Strike
0-1: Swinging Strike
0-2: Strikes out swinging
Batting: RHB Maxence Sultanbekov 0-0: Called Strike
0-1: Fly out, F9 (Flyball, 9, EV 83.1 MPH)
Batting: LHB Ricardo Varela 0-0: Called Strike
0-1: Foul Ball, location: 2F
0-2: Ball
1-2: Ground out 1-3 (Groundball, 15S, EV 70.0 MPH)
Bottom of the 1st over - 0 runs, 0 hits, 0 errors, 0 left on base; San Bernardino 0 - Mercer Island 0
TOP OF THE 2ND
San Bernardino Grasshoppers batting - Pitching for Mercer Island Screaming Eagles : RHP Diego Cartaya
Batting: LHB Riley Rowbery 0-0: Ball
1-0: SINGLE (Flyball, 78M, EV 96.9 MPH)
Batting: RHB Lawrence Stokes 0-0: Ball
1-0: Ball
Riley Rowbery is caught stealing 2nd base 2-4
2-0: Ball
3-0: Called Strike
3-1: Swinging Strike
3-2: Strikes out swinging
Batting: LHB José Soriano 0-0: Called Strike
0-1: Foul Ball, location: 2F
0-2: Strikes out swinging
Top of the 2nd over - 0 runs, 1 hit, 0 errors, 0 left on base; San Bernardino 0 - Mercer Island 0
BOTTOM OF THE 2ND
Mercer Island Screaming Eagles batting - Pitching for San Bernardino Grasshoppers : RHP Jordan Guérin
Batting: RHB Ryoichi Yoshida 0-0: Called Strike
0-1: Foul Ball, location: 2F
0-2: Hit by Pitch
Batting: SHB Temaki Yuka 0-0: SINGLE (Line Drive, 4M, EV 99.4 MPH)
Ryoichi Yoshida to second
Runner from 2nd tries for 3rd, SAFE, throw by CF made to third
Batting: RHB Frank Ray 0-0: Ball
1-0: Ball
2-0: Ball
3-0: Base on Balls
Temaki Yuka to second
Batting: RHB Asbel Kiprop 0-0: Ball
1-0: Called Strike
1-1: Called Strike
1-2: Foul Ball, location: 2F
1-2: Fly out, F8 (Line Drive, 8LM, EV 101.9 MPH)
Runner from 3rd tags up, OUT at HOME! 8-2
Temaki Yuka to third
Frank Ray to second
Batting: SHB Jeffery Simpson 0-0: Foul Ball, location: 2F
0-1: Called Strike
0-2: Ground out U3 (Groundball, 3, EV 83.1 MPH)
Bottom of the 2nd over - 0 runs, 1 hit, 0 errors, 2 left on base; San Bernardino 0 - Mercer Island 0
TOP OF THE 3RD
San Bernardino Grasshoppers batting - Pitching for Mercer Island Screaming Eagles : RHP Diego Cartaya
Batting: RHB Ethan Brierley 0-0: Ball
1-0: Foul Ball, location: 2F
1-1: Foul Ball, location: 2F
1-2: Ground out 6-3 (Groundball, 56, EV 76.2 MPH)
Batting: RHB Tome Uso 0-0: Foul Ball, location: 2F
0-1: Ball
1-1: Foul Ball, location: 2F
1-2: Ball
2-2: SINGLE (Line Drive, 7LS, EV 92.5 MPH)
Batting: RHB Rio Clark 0-0: Ball
1-0: Called Strike
1-1: Ball
2-1: Grounds into double play, 1-4-3 (Groundball, 15, EV 70.6 MPH)
Top of the 3rd over - 0 runs, 1 hit, 0 errors, 0 left on base; San Bernardino 0 - Mercer Island 0
BOTTOM OF THE 3RD
Mercer Island Screaming Eagles batting - Pitching for San Bernardino Grasshoppers : RHP Jordan Guérin
Batting: LHB Doug Cole 0-0: Swinging Strike
0-1: Ball
1-1: Ball
2-1: Ball
3-1: Called Strike
3-2: Foul Ball, location: 2F
3-2: Base on Balls
Batting: RHB Vaughn White 0-0: Called Strike
0-1: Ball
1-1: Ball
2-1: Fly out, F4 (Popup, 23, EV 90.6 MPH)
Batting: RHB Maxence Sultanbekov 0-0: Ball
Doug Cole is caught stealing 2nd base 2-4
1-0: Ground out 4-3 (Groundball, 4, EV 78.8 MPH)
Bottom of the 3rd over - 0 runs, 0 hits, 0 errors, 0 left on base; San Bernardino 0 - Mercer Island 0
TOP OF THE 4TH
San Bernardino Grasshoppers batting - Pitching for Mercer Island Screaming Eagles : RHP Diego Cartaya
Batting: RHB Andy Alderliesten 0-0: Called Strike
0-1: Ball
1-1: Ball
2-1: Swinging Strike
2-2: Foul Ball, location: 2F
2-2: Ball
3-2: Strikes out swinging
Batting: RHB Albert Seals 0-0: Called Strike
0-1: Ball
1-1: Ground out 1-3 (Groundball, P, EV 68.8 MPH)
Batting: LHB Stephen Goldobenko 0-0: Ball
1-0: Ball
2-0: Ball
3-0: Called Strike
3-1: Base on Balls
Batting: LHB Riley Rowbery 0-0: Ball
1-0: Ball
2-0: Ball
3-0: Called Strike
3-1: Base on Balls
Stephen Goldobenko to second
Batting: RHB Lawrence Stokes 0-0: Swinging Strike
0-1: Ball
1-1: Ball
2-1: Called Strike
2-2: Foul Ball, location: 2F
2-2: Strikes out swinging
Top of the 4th over - 0 runs, 0 hits, 0 errors, 2 left on base; San Bernardino 0 - Mercer Island 0
BOTTOM OF THE 4TH
Mercer Island Screaming Eagles batting - Pitching for San Bernardino Grasshoppers : RHP Jordan Guérin
Batting: LHB Ricardo Varela 0-0: Ground out U3 (Groundball, 3L, EV 109.4 MPH)
Batting: RHB Ryoichi Yoshida 0-0: Ball
1-0: Foul Ball, location: 2F
1-1: Ball
2-1: Foul Ball, location: 2F
2-2: Foul Ball, location: 2F
2-2: Ball
3-2: SINGLE (Line Drive, 8RS, EV 88.1 MPH)
Batting: SHB Temaki Yuka 0-0: Ball
1-0: Ball
2-0: Swinging Strike
2-1: Swinging Strike
2-2: SINGLE (Groundball, 4MD, EV 97.5 MPH)
Ryoichi Yoshida to second
Runner from 2nd tries for 3rd, SAFE, no throw by CF
Batting: RHB Frank Ray 0-0: Foul Ball, location: 2F
0-1: Ball
1-1: Foul Ball, location: 2F
1-2: Foul Ball, location: 2F
1-2: Ball
2-2: Ball
3-2: Strikes out swinging
Batting: RHB Asbel Kiprop 0-0: Ball
1-0: Ball
2-0: Foul Ball, location: 2F
2-1: Ball
3-1: Base on Balls
Temaki Yuka to second
Batting: SHB Jeffery Simpson 0-0: Ball
1-0: Called Strike
1-1: Ball
2-1: Called Strike
2-2: Ball
3-2: Foul Ball, location: 2F
3-2: Foul Ball, location: 2F
3-2: Base on Balls
Ryoichi Yoshida scores
Temaki Yuka to third
Asbel Kiprop to second
Batting: LHB Doug Cole 0-0: Ball
1-0: Called Strike
1-1: Ball
2-1: Called Strike
2-2: Ball
3-2: Base on Balls
Temaki Yuka scores
Asbel Kiprop to third
Jeffery Simpson to second
Batting: RHB Vaughn White 0-0: Foul Ball, location: 2F
0-1: DOUBLE (Groundball, 3L, EV 100.6 MPH)
Asbel Kiprop scores
Jeffery Simpson scores
Doug Cole to third
Batting: RHB Maxence Sultanbekov 0-0: Ball
1-0: Called Strike
1-1: Ball
2-1: Swinging Strike
2-2: Foul Ball, location: 2F
2-2: Strikes out swinging
Bottom of the 4th over - 4 runs, 3 hits, 0 errors, 2 left on base; San Bernardino 0 - Mercer Island 4
TOP OF THE 5TH
San Bernardino Grasshoppers batting - Pitching for Mercer Island Screaming Eagles : RHP Diego Cartaya
Batting: LHB José Soriano 0-0: Ball
1-0: Fly out, F8 (Flyball, 8RS, EV 88.8 MPH)
Batting: RHB Ethan Brierley 0-0: Ball
1-0: Ball
2-0: Fly out, F8 (Line Drive, 8LD, EV 101.9 MPH)
Batting: RHB Tome Uso 0-0: Called Strike
0-1: Swinging Strike
0-2: Ball
1-2: Strikes out swinging
Top of the 5th over - 0 runs, 0 hits, 0 errors, 0 left on base; San Bernardino 0 - Mercer Island 4
BOTTOM OF THE 5TH
Mercer Island Screaming Eagles batting - Pitching for San Bernardino Grasshoppers : RHP Jordan Guérin
Batting: LHB Ricardo Varela 0-0: Ball
1-0: Ball
2-0: Ball
3-0: Foul Ball, location: 2F
3-1: SINGLE (Flyball, 7LS, EV 96.2 MPH)
Batting: RHB Ryoichi Yoshida 0-0: Foul Ball, location: 2F
0-1: Ball
1-1: Ball
2-1: Foul Ball, location: 2F
2-2: Hit by Pitch
Ricardo Varela to second
Batting: SHB Temaki Yuka 0-0: Ball
1-0: Called Strike
1-1: Called Strike
1-2: Ball
2-2: Fly out, F8 (Flyball, 8RS, EV 75.6 MPH)
Pitching: RHP José Rodríguez
Batting: RHB Frank Ray 0-0: Ball
1-0: Ball
2-0: Called Strike
2-1: Called Strike
2-2: Ball
3-2: Strikes out swinging
Batting: RHB Asbel Kiprop 0-0: Called Strike
0-1: Called Strike
0-2: Strikes out looking
Bottom of the 5th over - 0 runs, 1 hit, 0 errors, 2 left on base; San Bernardino 0 - Mercer Island 4
TOP OF THE 6TH
San Bernardino Grasshoppers batting - Pitching for Mercer Island Screaming Eagles : RHP Diego Cartaya
Batting: RHB Rio Clark 0-0: Fly out, F7 (Flyball, 7LSF, EV 81.2 MPH)
Batting: RHB Andy Alderliesten 0-0: Ball
1-0: Fly out, F6 (Flyball, 6D, EV 85.0 MPH)
Batting: RHB Albert Seals 0-0: Called Strike
0-1: Ball
1-1: Ball
2-1: Ball
3-1: Ground out 1-3 (Groundball, 34S, EV 70.6 MPH)
Top of the 6th over - 0 runs, 0 hits, 0 errors, 0 left on base; San Bernardino 0 - Mercer Island 4
BOTTOM OF THE 6TH
Mercer Island Screaming Eagles batting - Pitching for San Bernardino Grasshoppers : RHP José Rodríguez
Batting: SHB Jeffery Simpson 0-0: DOUBLE (Line Drive, 78M, EV 107.5 MPH)
Batting: LHB Doug Cole 0-0: Swinging Strike
0-1: Foul Ball, location: 2F
0-2: Ball
1-2: Strikes out swinging
Batting: RHB Vaughn White 0-0: Ball
Wild Pitch!
Jeffery Simpson to third
1-0: Foul Ball, location: 2F
1-1: Ball
2-1: Ball
3-1: Fly out, F4 (Flyball, 34D, EV 83.1 MPH)
Batting: RHB Maxence Sultanbekov 0-0: Ground out 3-1 (Groundball, 34, EV 79.4 MPH)
Bottom of the 6th over - 0 runs, 1 hit, 0 errors, 1 left on base; San Bernardino 0 - Mercer Island 4
TOP OF THE 7TH
San Bernardino Grasshoppers batting - Pitching for Mercer Island Screaming Eagles : RHP Diego Cartaya
Batting: LHB Stephen Goldobenko 0-0: Ball
1-0: Foul Ball, location: 2F
1-1: Fly out, F8 (Flyball, 8LXD, EV 106.9 MPH)
Batting: LHB Riley Rowbery 0-0: Ball
1-0: Called Strike
1-1: Foul Ball, location: 2F
1-2: Ball
2-2: Fly out, F2 (Popup, 23F, EV 91.9 MPH)
Batting: RHB Lawrence Stokes 0-0: Called Strike
0-1: Ground out 6-3 (Groundball, 6, EV 85.6 MPH)
Top of the 7th over - 0 runs, 0 hits, 0 errors, 0 left on base; San Bernardino 0 - Mercer Island 4
BOTTOM OF THE 7TH
Mercer Island Screaming Eagles batting - Pitching for San Bernardino Grasshoppers : RHP José Rodríguez
Batting: LHB Ricardo Varela 0-0: Ball
1-0: Called Strike
1-1: Ball
2-1: Ball
3-1: Foul Ball, location: 2F
3-2: Base on Balls
Batting: RHB Ryoichi Yoshida 0-0: Ball
1-0: Swinging Strike
1-1: Foul Ball, location: 2F
1-2: Ball
2-2: Fly out, F9 (Flyball, 9, EV 76.2 MPH)
Batting: SHB Temaki Yuka 0-0: 2-RUN HOME RUN (Flyball, 9D, EV 98.8 MPH), Distance : 369 ft
Batting: RHB Frank Ray 0-0: Ball
1-0: Hit by Pitch, AND HE CHARGES THE MOUND! The benches clear!
Pitching: RHP Mihai Dumitru
Pinch Runner at 1st Jason Graham:
Batting: RHB Asbel Kiprop 0-0: Swinging Strike
Jason Graham steals 2nd base
0-1: Called Strike
0-2: Foul Ball, location: 2F
0-2: Strikes out swinging
Batting: SHB Jeffery Simpson 0-0: Called Strike
0-1: Ball
1-1: Foul Ball, location: 2F
1-2: Ball
2-2: Ball
3-2: 2-RUN HOME RUN (Flyball, 9LD, EV 94.4 MPH), Distance : 349 ft
Batting: LHB Doug Cole 0-0: Called Strike
0-1: Called Strike
0-2: Foul Ball, location: 2F
0-2: Foul Ball, location: 2F
0-2: Ball
1-2: Ball
2-2: Ball
3-2: Base on Balls
Batting: RHB Vaughn White 0-0: Fly out, F7 (Line Drive, 7, EV 101.2 MPH)
Bottom of the 7th over - 4 runs, 2 hits, 0 errors, 1 left on base; San Bernardino 0 - Mercer Island 8
TOP OF THE 8TH
San Bernardino Grasshoppers batting - Pitching for Mercer Island Screaming Eagles : RHP Diego Cartaya
Now at 1B: Jason Graham
Batting: LHB José Soriano 0-0: SINGLE (Line Drive, 78S, EV 100.6 MPH)
Batting: RHB Ethan Brierley 0-0: Ball
1-0: Called Strike
1-1: Ball
2-1: Foul Ball, location: 2F
2-2: Strikes out looking
Batting: RHB Tome Uso 0-0: Ball
1-0: Ball
2-0: Swinging Strike
2-1: Ball
3-1: Foul Ball, location: 2F
3-2: Fly out, F7 (Line Drive, 7, EV 90.6 MPH)
Batting: RHB Rio Clark 0-0: Ball
1-0: Foul Ball, location: 2F
1-1: Ball
2-1: Foul Ball, location: 2F
2-2: Ball
3-2: Foul Ball, location: 2F
3-2: Fly out, F9 (Flyball, 9LM, EV 91.2 MPH)
Top of the 8th over - 0 runs, 1 hit, 0 errors, 1 left on base; San Bernardino 0 - Mercer Island 8
BOTTOM OF THE 8TH
Mercer Island Screaming Eagles batting - Pitching for San Bernardino Grasshoppers : RHP Mihai Dumitru
Batting: RHB Maxence Sultanbekov 0-0: Called Strike
0-1: Ball
1-1: Foul Ball, location: 2F
1-2: Strikes out swinging
Batting: LHB Ricardo Varela 0-0: Ball
1-0: Ball
2-0: Swinging Strike
2-1: Foul Ball, location: 2F
2-2: Foul Ball, location: 2F
2-2: Strikes out swinging
Batting: RHB Ryoichi Yoshida 0-0: Fly out, F1 (Line Drive, P, EV 70.0 MPH)
Bottom of the 8th over - 0 runs, 0 hits, 0 errors, 0 left on base; San Bernardino 0 - Mercer Island 8
TOP OF THE 9TH
San Bernardino Grasshoppers batting - Pitching for Mercer Island Screaming Eagles : RHP Diego Cartaya
Batting: RHB Andy Alderliesten 0-0: Foul Ball, location: 2F
0-1: Called Strike
0-2: Ball
1-2: Ball
2-2: Fly out, F8 (Line Drive, 8LD, EV 91.2 MPH)
Batting: RHB Albert Seals 0-0: Called Strike
0-1: Ball
1-1: Ball
2-1: Ground out U3 (Groundball, 34, EV 85.6 MPH)
Pitching: RHP Carlos Cardoso
Batting: LHB Stephen Goldobenko 0-0: Called Strike
0-1: Ball
1-1: Ball
2-1: Ground out 4-3 (Groundball, 4, EV 87.5 MPH)
Top of the 9th over - 0 runs, 0 hits, 0 errors, 0 left on base; San Bernardino 0 - Mercer Island 8
Thursday, January 23rd, 2020 - OOTP Baseball 20.8 Build 74